 Dungeon Crawl Stone Soup version 0.29.1-12-g30fa7ad0bf (webtiles) character file.

Game seed: 7511271365411772527

1227 hawla the Arsonist (level 9, 0/64 HPs)
             Began as a Meteoran Fire Elementalist on Jan 3, 2023.
             Slain by an orc warrior
             ... wielding a +2 morningstar of protection
              (9 damage)
             ... on level 6 of the Dungeon.
             The game lasted 00:10:18 (2399 turns).

hawla the Arsonist (Meteoran Fire Elementalist)     Turns: 2399, Time: 00:10:19

Health: 0/64       AC:  2    Str:  9    XL:     9   Next: 5%
Magic:  5/20       EV: 13    Int: 23    God:
Gold:   258        SH:  0    Dex: 14    Spells: 15/22 levels left

rFire   . . .      SeeInvis .   h - +8 arc blade {discharge, rElec}
rCold   . . .      Faith    .   (no shield)
rNeg    . . .      Spirit   .   a - +0 robe
rPois   .          Reflect  .   (no helmet)
rElec   +          Harm     .   (no cloak)
rCorr   .          Rampage  .   (no gloves)
Will    +....                   (no boots)
Stlth   +.........              f - amulet of the acrobat
HPRegen 0.20/turn               (no ring)
MPRegen 0.17/turn               (no ring)

@: glowing
A: sense surroundings 2, otherworldly, glowing, explore regen
a: no special abilities


You were on level 6 of the Dungeon.
You visited 1 branch of the dungeon, and saw 6 of its levels.
You also visited: Sewer.

You collected 258 gold pieces.

Inventory:

Hand Weapons
 h - the +8 arc blade (weapon) {discharge, rElec}
   (You acquired it on level 5 of the Dungeon)

   It occasionally unleashes powerful arcs of lightning upon striking a foe.
   These may arc to other adjacent creatures (including the wielder, but dealing
   reduced damage to them) before grounding out.
   rElec:     It insulates you from electricity.
Armour
 a - a +0 robe (worn)
Jewellery
 f - an amulet of the acrobat (around neck)
 g - a +6 ring of strength
Wands
 n - a wand of flame (25)
Scrolls
 e - a scroll of brand weapon
 k - 2 scrolls of teleportation
Potions
 b - a potion of magic
 c - 6 potions of flight
 d - a potion of haste
 i - 3 potions of curing
 l - 2 potions of attraction
 m - a potion of heal wounds
 p - a potion of mutation
 q - a potion of resistance {unknown}


   Skills:
 + Level 1.1 Fighting
 + Level 3.3 Dodging
 - Level 1.4 Stealth
 + Level 7.3 Spellcasting
 + Level 5.9 Conjurations
 + Level 8.0 Fire Magic


You had 15 spell levels left.
You knew the following spells:

 Your Spells              Type           Power      Damage    Failure   Level
a - Foxfire               Conj/Fire      100%       2x1d9     1%          1
b - Scorch                Fire           90%        2d10      1%          2
c - Flame Wave            Conj/Fire      40%        2d11      4%          4

Your spell library contained the following spells:

 Spells                   Type           Power      Damage    Failure   Level
 Conjure Flame            Conj/Fire      40%        6-21      1%          3
 Inner Flame              Hex/Fire       26%        N/A       4%          3
 Call Canine Familiar     Summ           8%         N/A       22%         3
 Portal Projectile        Hex/Tloc       16%        N/A       22%         3
 Tukima's Dance           Hex            8%         N/A       22%         3
 Leda's Liquefaction      Hex/Erth       4%         N/A       58%         4
 Passage of Golubria      Tloc           8%         N/A       58%         4
 Blade Hands              Tmut           4%         N/A       91%         5
 Yara's Violent Unravell  Hex/Tmut       4%         3d4       91%         5


Dungeon Overview and Level Annotations

Branches:
Dungeon (6/15) Zot: 1324    Sewer (visited)
 Temple: D:4-7

Altars:

Shops:
D:2 [


Innate Abilities, Weirdness & Mutations

You passively map the area around you.
You are easily found by Zot.
You glow in the dark.
You regain HP and MP as you explore.


Message History

Casting: Foxfire (safe; 1% risk of failure)
Confirm with . or Enter, or press ? or * to list all spells.
You conjure some foxfire!
The foxfire hits the orc warrior but does no damage. x2
The orc warrior unwields a +2 morningstar of protection.
The orc warrior wields a +0 arbalest.
The orc warrior shoots a bolt.
The bolt barely misses you.
You hear a shout!
An orc comes into view. It is wielding a +1 falchion of venom.
The orc shouts!
The foxfire hits the orc warrior but does no damage. x2
You hit the orc warrior but do no damage.
The orc warrior unwields a +0 arbalest.
The orc warrior wields a +2 morningstar of protection.
The orc warrior hits you with a +2 morningstar of protection.
The orc hits you but does no damage.
You barely miss the orc warrior.
The orc warrior hits you with a +2 morningstar of protection!
The orc barely misses you.
You puncture the orc warrior!
The orc warrior is moderately wounded.
The orc warrior misses you. The orc barely misses you.
The orc warrior barely misses you.
You barely miss the orc warrior.
The orc warrior is moderately wounded.
The orc hits you with a +0 dagger.
The orc warrior hits you with a +2 morningstar of protection.
Casting: Foxfire (safe; 1% risk of failure)
Confirm with . or Enter, or press ? or * to list all spells.
Flames lash the orc.
You kill the orc!
The orc hits you with a +0 dagger.
The orc warrior hits you with a +2 morningstar of protection!!
* * * LOW HITPOINT WARNING * * *
Casting: Scorch (safe; 1% risk of failure)
Confirm with . or Enter, or press ? or * to list all spells.
You conjure some foxfire!
The orc hits you with a +0 dagger.
* * * LOW HITPOINT WARNING * * *
The orc warrior hits you with a +2 morningstar of protection!
You die...

, , ,,,,
#.#........# , *
#. #†##########
*,,,#. #.# * *
#. #.# * * #.
#.# , * ,,
#.##.# ## * * ,
, ,#.)#.####....
,
###v....†......,
, , ,,
#..o@v..)...P.P
, ,
#.#o##)##..~~~~,
* ,, ,#
#)*...#.P.... *
* #.#!§.# P~~~~
* , ,#.#####


PP.PP * , *, , ,.. , ,, ...., * * ,.. * * ...., , *, ** .. , ,, ** , , , ,, , *
You could see an orc warrior (ally target) and an orc.

Vanquished Creatures
  Menkaure (D:4)
  2 black bears
  Blork the orc (D:4)
  2 kobold brigands (Sewer)
  A necrophage (D:4)
  3 scorpions (D:5)
  A howler monkey (D:5)
  3 hounds
  A jelly (D:5)
  An orc priest (D:5)
  Natasha (twice) (D:4)
  An iguana (D:6)
  An orc wizard (D:6)
  3 gnolls (D:6)
  6 adders
  2 river rats (Sewer)
  2 white imps (D:5)
  2 dart slugs
  14 orcs
  4 endoplasms
  2 giant cockroaches
  4 goblins
  3 hobgoblins
  A jackal (Sewer)
  5 quokkas
  3 ball pythons
  4 bats
  A frilled lizard (D:1)
  4 kobolds
  4 rats
84 creatures vanquished.

Vanquished Creatures (others)
  131 foxfires
131 creatures vanquished.

Grand Total: 215 creatures vanquished

Notes
Turn   | Place    | Note
-------+----------+-------------------------------------------
     0 | D:1      | hawla the Meteoran Fire Elementalist began the quest for
                  | the Orb.
     0 | D:1      | Reached XP level 1. HP: 14/14 MP: 5/5
   107 | D:1      | Reached XP level 2. HP: 20/20 MP: 3/6
   145 | D:1      | Reached skill level 4 in Fire Magic
   227 | D:2      | Reached XP level 3. HP: 27/27 MP: 5/8
   230 | D:2      | Learned a level 2 spell: Scorch
   282 | D:2      | Found Seddeupy's Antique Armour Boutique.
   418 | D:3      | Reached XP level 4. HP: 34/34 MP: 4/9
   755 | D:4      | Learned a level 4 spell: Flame Wave
   765 | D:4      | Noticed a necrophage
   766 | D:4      | Reached XP level 5. HP: 26/39 MP: 2/11
   780 | D:4      | Killed a necrophage
   849 | D:4      | Noticed a black bear
   854 | D:4      | Killed a black bear
   855 | D:4      | Reached skill level 5 in Fire Magic
   855 | D:4      | Reached XP level 6. HP: 46/46 MP: 9/12
   933 | D:4      | Noticed Natasha
   940 | D:4      | Killed Natasha
   962 | D:4      | Noticed Blork the orc
   968 | D:4      | Killed Blork the orc
   969 | D:4      | Reached skill level 5 in Conjurations
   969 | D:4      | Reached XP level 7. HP: 33/51 MP: 5/14
  1351 | D:4      | Noticed Natasha
  1358 | D:4      | Killed Natasha
  1361 | D:4      | Noticed Menkaure
  1372 | D:4      | Killed Menkaure
  1373 | D:4      | Reached skill level 6 in Fire Magic
  1451 | D:5      | Entered Level 5 of the Dungeon
  1456 | D:5      | Identified a scroll of acquirement
  1461 | D:5      | Reached skill level 5 in Spellcasting
  1502 | D:5      | Reached XP level 8. HP: 44/58 MP: 9/16
  1502 | D:5      | Found a glowing drain.
  1511 | Sewer    | Entered a sewer
  1603 | Sewer    | Found a glowing silver altar of Zin.
  1647 | D:5      | Acquired the +8 arc blade {discharge, rElec}
  1647 | D:5      | Found the +8 arc blade {discharge, rElec}
  1726 | D:5      | Reached skill level 7 in Fire Magic
  1833 | D:5      | Reached skill level 1 in Fighting
  2384 | D:6      | Reached skill level 8 in Fire Magic
  2384 | D:6      | Gained mutation: You passively map the area around you.
                  | [Meteoran growth]
  2384 | D:6      | Reached XP level 9. HP: 64/64 MP: 12/20
  2399 | D:6      | Slain by an orc warrior

Illustrated notes

Levels and vault maps discovered:
D:1:      psy_arrival_radial01, layout_basic, basic_ecumenical_altar,
          grunt_decor_one_mirror, minmay_domino_4
D:2:      layout_loops_ring, serial_shops, shop, kennysheep_cross_room,
          minmay_liquid_box
D:3:      layout_rooms
D:4:      layout_basic, minmay_fractal_squares_diagonal_5, uniq_menkaure,
          uniq_natasha, uniq_blork_the_orc
D:5:      layout_loops_ring, portal_sewer_entry_d
D:6:      layout_basic, dreamdust_gnoll_farm

Skill      XL: |  1  2  3  4  5  6  7  8 |
---------------+-------------------------+-----
Spellcasting   | 3 4 5 7 |  7.3
Fire Magic     | 4 5 6 8 |  8.0
Conjurations   | 2 4 5 |  5.9
Dodging        | 3 |  3.3
Fighting       | 1 |  1.1
Stealth        | |  1.4

Action                   |  1- 3 |  4- 6 |  7- 9 || total
-------------------------+-------+-------+-------++-------
Melee: Unarmed           |    12 |     4 |     1 ||    17
       Rapier            |       |       |    23 ||    23
 Cast: Foxfire           |    29 |    25 |    22 ||    76
       Scorch            |     2 |    10 |    36 ||    48
       Flame Wave        |       |       |     7 ||     7
  Use: Scroll            |       |     3 |    11 ||    14
       Potion            |       |     1 |       ||     1
Armor: Robe              |     4 |     2 |     3 ||     9
Dodge: Dodged            |    12 |    11 |    24 ||    47
